 Dungeon Crawl Stone Soup version 0.25.1-2-g60ff931df9 (webtiles) character file.

Game seed: 9378322252330962565

48 DildoBatman the Magician (level 4, 0/30 HPs)
             Began as a Formicid Wizard on Aug 20, 2020.
             Slain by a quokka (4 damage)
             ... on level 2 of the Dungeon.
             The game lasted 00:03:09 (1543 turns).

DildoBatman the Magician (Formicid Wizard)          Turns: 1543, Time: 00:03:10

Health: 0/30       AC:  2    Str: 12    XL:     4   Next: 0%
Magic:  8/8        EV: 12    Int: 18    God:
Gold:   148        SH:  0    Dex:  9    Spells: 2/9 levels left

rFire    . . .     SeeInvis +   a - +0 hunting sling
rCold    . . .     Gourm    .   (no shield)
rNeg     . . .     Faith    .   n - +0 robe
rPois    .         Spirit   .   (helmet unavailable)
rElec    .         Reflect  .   (no cloak)
rCorr    .         Harm     .   (no gloves)
MR       +....                  (no boots)
Stlth    ++........             (no amulet)
HPRegen  0.10/turn              m - ring of protection from magic
MPRegen  0.11/turn              (no ring)

@: no status effects
A: permanent stasis, dig shafts and tunnels, four strong arms, antennae 3
a: Dig, Shaft Self


You were on level 2 of the Dungeon.
You were not hungry.

You visited 1 branch of the dungeon, and saw 2 of its levels.

You collected 148 gold pieces.

Inventory:

Hand Weapons
 a - a +0 hunting sling (weapon)
 b - a +0 club
Missiles
 j - 65 stones (quivered)
 q - 13 bolts
Armour
 c - a +0 buckler
 n - a +0 robe (worn)
Jewellery
 m - a ring of protection from magic (left hand)
Scrolls
 e - a scroll of enchant armour {unknown}
 g - a scroll of blinking {unknown}
 i - 5 scrolls of identify {unknown}
 k - a scroll of remove curse {unknown}
 r - a scroll of noise {unknown}
Potions
 d - 2 potions of berserk rage {unknown}
 f - a potion of magic {unknown}
 h - a potion of mutation {unknown}
 l - 2 potions of might {unknown}
 o - 2 potions of curing {unknown}
Comestibles
 v - 6 rations


   Skills:
 - Level 1.7 Dodging
 - Level 2.4 Stealth
 - Level 3.2 Spellcasting
 * Level 3.1 Conjurations
   Level 1.0 Summonings
   Level 0.8 Translocations


You had 2 spell levels left.
You knew the following spells:

 Your Spells              Type           Power        Failure   Level  Hunger
a - Conjure Flame         Conj/Fire      #.......     26%         3    ###....
c - Magic Dart            Conj           ##..         4%          1    None
e - Mephitic Cloud        Conj/Pois/Air  #.......     30%         3    ###....

Your spell library contained the following spells:

 Spells                   Type           Power        Failure   Level  Hunger
 Call Imp                 Summ           #.......     16%         2    ##.....
 Slow                     Hex            #.......     24%         2    ##.....
 Blink                    Tloc           Unusable     N/A         2    N/A

Dungeon Overview and Level Annotations

Branches:
Dungeon (2/15)

Altars:
Fedhas


Innate Abilities, Weirdness & Mutations

You cannot be hasted, slowed, berserked, paralysed or teleported.
You can dig through walls and to a lower floor.
Your four strong arms can wield two-handed weapons with a shield.
You have a pair of large antennae on your head. (SInv)


Message History

The rat barely misses you. What are your orders? t - Shout!
Orders for allies: a - Attack new target. r - Retreat! s - Stop attacking. g - Guard the area. f - Follow me.
Anything else - Cancel.
You shout for attention!
The quokka bites you. The rat completely misses you.
The quokka closely misses you. What are your orders? t - Shout!
Orders for allies: a - Attack new target. r - Retreat! s - Stop attacking. g - Guard the area. f - Follow me.
Anything else - Cancel.
You shout for attention!
The quokka bites you.
You die...

######## #..@r..#
###...r..#######
.................
####......######
#.......##
#...?..#.##
#......##.##
#.....$###.## .#
#......# ##.##
#.#


You could see a quokka and a rat.

Vanquished Creatures
  An adder (D:2)
  A leopard gecko (D:1)
  A ball python (D:2)
  3 giant cockroaches
  9 goblins
  A hobgoblin (D:1)
  10 bats
  A frilled lizard (D:2)
  5 kobolds
  3 rats (D:1)
35 creatures vanquished.

Notes
Turn   | Place    | Note
-------+----------+-------------------------------------------
     0 | D:1      | DildoBatman the Formicid Wizard began the quest for the
                  | Orb.
     0 | D:1      | Reached XP level 1. HP: 13/13 MP: 4/4
    22 | D:1      | Reached skill level 1 in Conjurations
   107 | D:1      | Reached XP level 2. HP: 19/19 MP: 1/6
   681 | D:1      | Reached XP level 3. HP: 24/24 MP: 3/7
   686 | D:1      | Learned a level 3 spell: Conjure Flame
   690 | D:1      | Learned a level 3 spell: Mephitic Cloud
  1454 | D:2      | Found a blossoming altar of Fedhas.
  1509 | D:2      | Reached XP level 4. HP: 30/30 MP: 5/8
  1543 | D:2      | Slain by a quokka

Illustrated notes

Levels and vault maps discovered:
D:1:      shiori_shiawase, layout_loops_cross
D:2:      layout_basic, fedhas_altar_4

Skill      XL: |  1  2  3 |
---------------+----------+-----
Conjurations   | 1 2 3 |  3.1
Dodging        | |  1.7
Stealth        | |  2.4
Spellcasting   | |  3.2
Summonings     | |  1.0
Translocations | |  0.8

Action                   |  1- 3 |  4- 6 || total
-------------------------+-------+-------++-------
Melee: Club              |     5 |       ||     5
 Fire: Hunting sling     |    16 |       ||    16
 Cast: Magic Dart        |    65 |     1 ||    66
 Abil: Dig               |       |     1 ||     1
  Eat: Chunk             |     2 |       ||     2
Armor: Robe              |     2 |     2 ||     4
Dodge: Dodged            |    15 |    18 ||    33
